 Dungeon Crawl Stone Soup version 0.32-a0-18-g89e19f1974 (webtiles) character file.

Game seed: 1439554407085944869

46 bobarctor the Ruffian (level 3, -10/26 HPs)
             Began as a Demonspawn Shapeshifter on Jan 17, 2024.
             Mangled by a sleepcap (21 damage)
             ... on level 6 of the Dungeon.
             The game lasted 00:03:52 (2068 turns).

bobarctor the Ruffian (Demonspawn Shapeshifter)     Turns: 2068, Time: 00:03:52

Health: -10/26     AC:  2    Str: 16    XL:     3   Next: 46%
Magic:  3/3        EV:  2    Int: 10    God:
Gold:   99         SH:  0    Dex: 12    Spells: 2/2 levels left

rFire   . .          .
                       - Unarmed
rCold   . . .        (no shield)
rNeg    . . .        a - +0 animal skin
rPois   .            (helmet currently unavailable)
rElec   .            (cloak currently unavailable)
rCorr   .            (gloves currently unavailable)
SInv    .            (boots currently unavailable)
Will    .....        (no amulet)
Stlth   +            (no ring)
HPRegen 0.24/turn    (no ring)
MPRegen 0.08/turn

%: no passive effects
@: beast-form, sleeping
A: beast (slay +1), powered by death 1
a: Begin Untransformation


You were on level 6 of the Dungeon.
You were a hulking beast.
You visited 1 branch of the dungeon, and saw 4 of its levels.

You collected 99 gold pieces.

Inventory:

Missiles
 m - 10 stones (quivered)
Armour
 a - a +0 animal skin (worn)
Jewellery
 r - a ring of fire
Talismans
 c - a beast talisman
 d - a flux talisman
Wands
 k - a wand of roots (12)
Scrolls
 e - a scroll of acquirement {unknown}
 f - a scroll of enchant armour {unknown}
 g - a scroll of teleportation {unknown}
 i - 2 scrolls of identify {unknown}
 j - a scroll of poison {unknown}
 l - a scroll of vulnerability {unknown}
 p - 2 scrolls of immolation {unknown}
 q - a scroll of summoning {unknown}
 s - a scroll of amnesia {unknown}
Potions
 b - 2 potions of lignification
 h - a potion of mutation {unknown}
 n - 2 potions of degeneration {unknown}
 o - a potion of heal wounds {unknown}
 t - a potion of might {unknown}


   Skills:
 + Level 1.6 Fighting
 + Level 2.1 Dodging
 * Level 3.3 Unarmed Combat
 + Level 3.0 Shapeshifting


You had 2 spell levels left.
You didn't know any spells.
Your spell library was empty.

Dungeon Overview and Level Annotations

Branches:
Dungeon (6/15)
 Temple: D:4-7

Altars:


Innate Abilities, Weirdness & Mutations

You are a hulking beast.
Your limbs bulge with bestial killing power. (Slay +1)
You regenerate a little health from kills.


Message History

The shaft crumbles and collapses.
Found a metallic white potion and a short iron wand.
Found a stone staircase leading down.
You start resting.
HP restored.
Found 10 gold pieces.
t - a metallic white potion A sleepcap comes into view.
You now have 99 gold pieces (gained 10).
The sleepcap misses you.
You punch the sleepcap!
The sleepcap is moderately damaged.
You hit the sleepcap but do no damage.
The sleepcap is moderately damaged.
The sleepcap releases spores at you!
You are engulfed in a cloud of soporific spores!
You fall asleep.
You wake up.
You hit the sleepcap.
The sleepcap is heavily damaged.
The sleepcap releases spores at you.
You are engulfed in a cloud of soporific spores!
You are unaffected.
You hit the sleepcap.
The sleepcap is severely damaged.
The sleepcap barely misses you.
You hit the sleepcap.
The sleepcap is almost destroyed.
The sleepcap releases spores at you but does no damage.
You hit the sleepcap but do no damage.
The sleepcap is almost destroyed.
The sleepcap closely misses you.
You hit the sleepcap.
The sleepcap is almost destroyed.
The sleepcap releases spores at you!
You are engulfed in a cloud of soporific spores!
You fall asleep.
The sleepcap releases spores at you!!
Ouch! That really hurt!
You die...

...... ... ./.
.... #..###..
....
......#### ...
#.......# #..
#.......##.#.#
#........#.#
#.....# #.#
#.....####h#
#........f.#
#......######
#........#
.....#....#
.....#..>..#
............
.............
.........


You could see a sleepcap.

Vanquished Creatures
  A dart slug (D:3)
  11 endoplasms
  A giant cockroach (D:1)
  2 goblins
  2 hobgoblins
  3 kobolds
  3 quokkas
  5 ball pythons
  A bat (D:1)
  3 frilled lizards
  7 rats
39 creatures vanquished.

Notes
Turn   | Place    | Note
-------+----------+-------------------------------------------
     0 | D:1      | bobarctor the Demonspawn Shapeshifter began the quest for
                  | the Orb.
     0 | D:1      | Reached XP level 1. HP: 15/15 MP: 1/1
   330 | D:1      | Gained mutation: You regenerate a little health from kills.
                  | [demonic ancestry]
   330 | D:1      | Reached XP level 2. HP: 18/21 MP: 2/2
  1109 | D:2      | Reached XP level 3. HP: 17/26 MP: 3/3
  2000 | D:3      | You fall into a shaft and drop 3 floors!
  2068 | D:6      | Mangled by a sleepcap

Illustrated notes

Levels and vault maps discovered:
D:1:      minmay_arrival_stone_box, layout_loops_corners
D:2:      layout_basic
D:3:      kennysheep_slugbush, layout_basic, ebering_ecumenical_altar_box,
          chequers_decorated_corner
D:6:      layout_rooms, minmay_temple_entry_glass, uniq_menkaure,
          uniq_blork_the_orc

Skill      XL: |  1  2  3 |
---------------+----------+-----
Unarmed Combat | 3 |  3.3
Dodging        | 2 |  2.1
Shapeshifting  | 3 |  3.0
Fighting       | |  1.6

Action                     || total
---------------------------++-------
  Melee: Unarmed           ||   114
         Punch             ||     2
   Stab: Sleeping          ||     4
 Armour: Animal skin       ||    49
  Dodge: Dodged            ||    55

Table legend: (Time is in decaauts)
 A = Elapsed time spent in this place.
 B = Non-inter-level travel time spent in this place.
 C = Inter-level travel time spent in this place.
 D = Time resting spent in this place.
 E = Time spent auto-exploring this place.
 F = Levels seen in this place.
 G = Mean time per level.
                   A        B        C        D        E       F      G
               +--------+--------+--------+--------+--------+-----+--------+
         Total |   2061 |   2018 |     43 |     79 |   1575 |   4 |  515.2 |
       Dungeon |   2061 |   2018 |     43 |     79 |   1575 |   4 |  515.2 |
               +--------+--------+--------+--------+--------+-----+--------+

Top non-repeatable levels by time:
     D:2: 995 daAuts
     D:1: 919 daAuts
     D:3: 78 daAuts
     D:6: 67 daAuts
